 Dungeon Crawl Stone Soup version 0.27.1-33-g824d729ab1 (webtiles) character file.

Game seed: 14377062425671062119

41 ONETWELVE the Chopper (level 3, 0/31 HPs)
             Began as a Hill Orc Monk on Dec 27, 2021.
             Succumbed to an adder's poison
             ... on level 2 of the Dungeon.
             The game lasted 00:03:22 (572 turns).

ONETWELVE the Chopper (Hill Orc Monk)                Turns: 572, Time: 00:03:22

Health: 0/31       AC:  6    Str: 14    XL:     3   Next: 52%
Magic:  3/3        EV: 11    Int: 10    God:
Gold:   62         SH:  0    Dex: 13    Spells: 2/2 levels left

rFire    . . .     SeeInvis .   a - +0 hand axe
rCold    . . .     Faith    .   (no shield)
rNeg     . . .     Spirit   .   g - +0 ring mail
rPois    .         Reflect  .   (no helmet)
rElec    .         Harm     .   c - +0 cloak
rCorr    .         Rampage  .   (no gloves)
Will     .....                  (no boots)
Stlth    +.........             (no amulet)
HPRegen  0.10/turn              (no ring)
MPRegen  0.08/turn              (no ring)

@: lethally poisoned (0 -> -1), attractive
A: no striking features
a: no special abilities


You were on level 2 of the Dungeon.
You visited 1 branch of the dungeon, and saw 3 of its levels.

You collected 62 gold pieces.

Inventory:

Hand Weapons
 a - a +0 hand axe (weapon)
Missiles
 d - 43 stones (quivered)
 i - 18 poisoned darts
Armour
 b - a +0 robe
 c - a +0 cloak (worn)
 g - a +0 ring mail (worn)
 h - a +1 hat


   Skills:
 - Level 3.6 Fighting
 + Level 5.9 Axes
 - Level 2.4 Dodging
 - Level 1.5 Stealth


You had 2 spell levels left.
You didn't know any spells.
Your spell library was empty.

Dungeon Overview and Level Annotations

Branches:
Dungeon (3/15)

Altars:
Makhleb


Message History

The adder closely misses you. The adder bites you but does no damage.
Unknown command.
Aiming: Throw Flame
Press: ? - help, Shift-Dir - straight line, f/p - adder
Aim: an adder (heavily wounded, 48% to hit)
The puff of flame misses the adder.
The adder closely misses you.
Unknown command.
Aiming: Throw Flame
Press: ? - help, Shift-Dir - straight line, f/p - adder
Aim: an adder (heavily wounded, 48% to hit)
The puff of flame misses the adder.
The adder bites you but does no damage.
Unknown command.
Aiming: Throw Flame
Press: ? - help, Shift-Dir - straight line, f/p - adder
Aim: an adder (heavily wounded, 48% to hit)
The puff of flame misses the adder.
The adder bites you.
* * * LOW HITPOINT WARNING * * *
You are lethally poisoned!
The adder poisons you! The adder misses you.
Aiming: Throw Flame
Press: ? - help, Shift-Dir - straight line, f/p - adder
Aim: an adder (heavily wounded, 48% to hit)
The puff of flame hits the adder.
You kill the adder!
The now-empty wand crumbles to dust.
* * * LOW HITPOINT WARNING * * *
You feel sick.
There is a lethal amount of poison in your body!
* * * LOW HITPOINT WARNING * * *
You feel sick.
You see here an adder corpse.
Found a stone staircase leading up.
* * * LOW HITPOINT WARNING * * *
You feel sick.
Things that are here:
a +0 flail; an orc corpse Unknown command.
* * * LOW HITPOINT WARNING * * *
You feel sick.
You die...

### # #.# . #.# .# #.##.###. . #
#>......[ .. #<###........
...##.#.$.....###
###.........@###..# ##...
...#.#..###..####
##..###......#.)†.......######
##..##.##......#.##.#.........#
.......)#........# .#.##......+
###....##......#.. ...........###
#......#..#.#..#.#.##..#......##.
[......†..)....#.#. #..#......##.
#......#....##.#.#..#..#.#'#####.


There were no monsters in sight!

Vanquished Creatures
  An adder (D:2)
  An orc (D:2)
  2 endoplasms (D:2)
  3 giant cockroaches (D:2)
  4 hobgoblins (D:2)
  8 jackals
  A kobold (D:2)
  A ball python (D:3)
  A bat (D:2)
  3 frilled lizards
  2 rats (D:2)
27 creatures vanquished.

Notes
Turn   | Place    | Note
-------+----------+-------------------------------------------
     0 | D:1      | ONETWELVE the Hill Orc Monk began the quest for the Orb.
     0 | D:1      | Reached XP level 1. HP: 19/19 MP: 1/1
   112 | D:2      | Reached XP level 2. HP: 25/26 MP: 2/2
   151 | D:2      | Reached skill level 5 in Axes
   439 | D:3      | Reached XP level 3. HP: 16/31 MP: 3/3
   485 | D:3      | Found a burning altar of Makhleb.
   571 | D:2      | HP: 1/31 [poisoned by an adder]
   572 | D:2      | Succumbed to an adder's poison

Illustrated notes

Levels and vault maps discovered:
D:1:      ncdulo_smallfort, layout_basic, ebering_ecumenical_altar_rust
D:2:      layout_basic, serial_shops, shop_fountains, minmay_three_crescents
D:3:      layout_basic, demons_altar, portal_sewer_entry_f,
          hangedman_decor_peaks_small

Skill      XL: |  1  2 |
---------------+-------+-----
Axes           | 5 |  5.9
Fighting       | |  3.6
Dodging        | |  2.4
Stealth        | |  1.5

Action                   || total
-------------------------++-------
Melee: Hand axe          ||    83
Evoke: Wand              ||     6
  Use: Potion            ||     1
Armor: Robe              ||    20
       Ring mail         ||     7
Dodge: Dodged            ||    47
